Map: Opérations galactiques EC

Players

Hannibal - Winner!

  • Race: Zerg Zerg
  • League: Platinum
  • Spawn Location: 7:00

zidar

  • Race: Zerg Zerg
  • League: Platinum
  • Spawn Location: 1:00

VOD

Have the link to the VOD?

Description

Time

  • Played on: Nov. 19, 2016, 11:46 a.m.
  • Length: 5:55
Show
View Real Time Build Order
Export as new Build Order

Hannibal Zerg - Winner!

Build Orders: Pool First 

Get SALT Encoding   

  12  0:02  Drone  
  13  0:13  Overlord  
  13  0:21  Drone  
  14  0:34  Drone x2  
  16  0:38  Drone  
  17  0:51  Spawning Pool  
  17  0:52  Drone  
  17  1:12  Hatchery  
  17  1:15  Drone  
  17  1:22  Extractor  
  17  1:23  Drone  
  17  1:24  Drone  
  18  1:37  Queen  
  21  1:40  Drone  
  21  1:43  Overlord  
  21  1:51  Spine Crawler  
  21  1:53  Drone  
  21  2:01  Drone  
  22  2:13  Queen  
  24  2:24  Drone  
  24  2:25  Drone  
  26  2:30  Metabolic Boost  
  26  2:40  Queen  
  26  2:43  Drone  
  26  2:44  Drone x2  
  31  2:50  Baneling Nest  
  30  2:57  Queen  
  32  3:06  Drone x3  
  32  3:07  Drone  
  36  3:13  Extractor  
  35  3:24  Drone  
  35  3:25  Overlord x2  
  36  3:47  Zergling x6  
  39  3:51  Extractor  
  39  3:52  Drone x4  
  39  3:53  Drone  
  43  3:56  Lair  
  43  4:09  Zergling x6  
  47  4:10  Zergling x6  
  46  4:27  Zergling x2  
  46  4:28  Zergling x10  
  52  4:45  Zergling x6  
  49  4:59  Zergling x4  
  52  5:00  Zergling x2  
  51  5:16  Spire  
  47  5:25  Spine Crawler  
  46  5:31  Zergling x2  
  46  5:32  Zergling x8  
Show
View Real Time Build Order
Export as new Build Order

zidar Zerg 

Build Orders: Pool Only 

Get SALT Encoding   

  12  0:01  Drone  
  13  0:08  Drone  
  14  0:28  Extractor  
  13  0:29  Extractor  
  12  0:36  Spawning Pool  
  12  0:37  Drone  
  12  0:39  Drone  
  13  0:44  Drone  
  14  1:28  Roach Warren  
  13  1:39  Drone  
  14  1:40  Overlord x2  
  14  1:58  Queen  
  16  2:06  Drone x2  
  18  2:13  Roach  
  22  2:23  Roach  
  22  2:34  Roach  
  26  2:44  Roach  
  26  2:55  Roach  
  30  3:06  Overlord  
  30  3:07  Overlord  
  30  3:09  Roach  
  30  3:34  Roach x3  
  36  3:44  Roach  
  36  3:48  Overlord x2  
  34  4:25  Roach x3  
  34  4:26  Roach x3  
  34  4:29  Ravager  
  45  4:51  Ravager  
  44  4:58  Ravager  
  35  5:25  Roach x3  
  35  5:26  Roach x3  
  47  5:36  Roach  
  41  5:50  Ravager  
Tags
 
Add a new tag
Caveats
  • Supply blocks, unpowered buildings, or Contaminate may cause inaccurate times.
  • Supply counts are checked every 10 seconds.